| TOP OF THE 1ST |
|
Columbus Clippers batting - Pitching for Scranton WB RailRiders : RHP Eric Aguilar
|
|
Pitching: RHP Eric Aguilar
|
|
|
Batting: LHB John Harring
|
0-0: Called Strike 0-1: Swinging Strike 0-2: Foul Ball, location: 2F 0-2: Fly out, F7 (Flyball, 7, EV 87.5 MPH)
|
|
Batting: RHB Jesus Galvan
|
0-0: Ball 1-0: Called Strike 1-1: Foul Ball, location: 2F 1-2: Reached on error, E2 (Groundball, 2R, EV 67.5 MPH)
|
|
Batting: RHB Christian Blue
|
0-0: Ball 1-0: Ground out 5-3 (Groundball, 56S, EV 72.5 MPH) Jesus Galvan to third
|
|
Batting: LHB Brent Albertson
|
0-0: Ball 1-0: Fly out, F8 (Flyball, 8RM, EV 93.1 MPH)
|
| Top of the 1st over - 0 runs, 0 hits, 1 error, 1 left on base; Columbus 0 - Scranton WB 0 |
| BOTTOM OF THE 1ST |
|
Scranton WB RailRiders batting - Pitching for Columbus Clippers : RHP Paul Lewis
|
|
Pitching: RHP Paul Lewis
|
|
|
Batting: RHB Bobby Melillo
|
0-0: Ground out 4-3 (Groundball, 4, EV 100.0 MPH)
|
|
Batting: SHB Victor Ruiz
|
0-0: Ball 1-0: Called Strike 1-1: Called Strike 1-2: Ball 2-2: Foul Ball, location: 2F 2-2: Ball 3-2: Strikes out looking
|
|
Batting: SHB Mukhtar Wa'il
|
0-0: Called Strike 0-1: Foul Ball, location: 2F 0-2: Strikes out swinging
|
| Bottom of the 1st over - 0 runs, 0 hits, 0 errors, 0 left on base; Columbus 0 - Scranton WB 0 |
| TOP OF THE 2ND |
|
Columbus Clippers batting - Pitching for Scranton WB RailRiders : RHP Eric Aguilar
|
|
Batting: RHB Ernie Weathersbee
|
0-0: Called Strike 0-1: Foul Ball, location: 2F 0-2: Ball 1-2: Foul Ball, location: 2F 1-2: Fly out, F8 (Line Drive, 8LM, EV 102.5 MPH)
|
|
Batting: LHB Corey Trevor
|
0-0: Called Strike 0-1: Ball 1-1: Ball 2-1: Ground out 4-3 (Groundball, 4, EV 84.4 MPH)
|
|
Batting: RHB Rico Coss
|
0-0: Foul Ball, location: 2F 0-1: Swinging Strike 0-2: Strikes out swinging
|
| Top of the 2nd over - 0 runs, 0 hits, 0 errors, 0 left on base; Columbus 0 - Scranton WB 0 |
| BOTTOM OF THE 2ND |
|
Scranton WB RailRiders batting - Pitching for Columbus Clippers : RHP Paul Lewis
|
|
Batting: RHB Scott King
|
0-0: Called Strike 0-1: Ball 1-1: DOUBLE (Line Drive, 9LD, EV 100.6 MPH)
|
|
Batting: LHB Dan Morris
|
0-0: Ball 1-0: Foul Ball, location: 2F 1-1: SINGLE (Line Drive, 34D, EV 94.4 MPH) Scott King to third
|
|
Batting: LHB Aaron Joyner
|
0-0: Ball 1-0: Ball 2-0: Ball 3-0: Called Strike 3-1: Base on Balls Dan Morris to second
|
|
Batting: RHB Mike Gifford
|
0-0: SINGLE (Groundball, 34S, EV 69.4 MPH) (infield hit) Scott King scores Dan Morris to third Aaron Joyner to second
|
|
Batting: SHB Joe Fure
|
0-0: Called Strike 0-1: Ball 1-1: Fly out, F2 (Popup, 2RF, EV 78.8 MPH)
|
|
Batting: SHB Edwin Dominguez
|
0-0: Ball 1-0: SINGLE (Groundball, 34D, EV 105.0 MPH) Dan Morris scores Aaron Joyner to third Mike Gifford to second
|
|
Batting: RHB Bobby Melillo
|
0-0: Called Strike 0-1: Called Strike 0-2: Ball 1-2: SINGLE (Groundball, 4S, EV 67.5 MPH) (infield hit) Aaron Joyner scores Mike Gifford to third Edwin Dominguez to second
|
|
Batting: SHB Victor Ruiz
|
0-0: Called Strike 0-1: Ball 1-1: Swinging Strike 1-2: Strikes out swinging
|
|
Batting: SHB Mukhtar Wa'il
|
0-0: Called Strike 0-1: Called Strike 0-2: Strikes out looking
|
| Bottom of the 2nd over - 3 runs, 5 hits, 0 errors, 3 left on base; Columbus 0 - Scranton WB 3 |
| TOP OF THE 3RD |
|
Columbus Clippers batting - Pitching for Scranton WB RailRiders : RHP Eric Aguilar
|
|
Batting: RHB Chris Folse
|
0-0: Called Strike 0-1: Fly out, F4 (Popup, 34D, EV 43.8 MPH)
|
|
Batting: RHB Tai Joo
|
0-0: Ground out 5-3 (Groundball, 5S, EV 73.8 MPH)
|
|
Batting: LHB John Harring
|
0-0: Ball 1-0: Called Strike 1-1: Called Strike 1-2: Ball 2-2: Ground out 6-3 (Groundball, 6MS, EV 83.1 MPH)
|
| Top of the 3rd over - 0 runs, 0 hits, 0 errors, 0 left on base; Columbus 0 - Scranton WB 3 |
| BOTTOM OF THE 3RD |
|
Scranton WB RailRiders batting - Pitching for Columbus Clippers : RHP Paul Lewis
|
|
Batting: RHB Scott King
|
0-0: Ball 1-0: Swinging Strike 1-1: Ball 2-1: Foul Ball, location: 2F 2-2: Foul Ball, location: 2F 2-2: Ball 3-2: Ground out 6-3 (Groundball, 6, EV 103.8 MPH)
|
|
Now at SS: Chris Diaz
|
|
|
Batting: LHB Dan Morris
|
0-0: Ball 1-0: Swinging Strike 1-1: Called Strike 1-2: Ball 2-2: Foul Ball, location: 2F 2-2: DOUBLE (Flyball, 8RXD, EV 93.1 MPH)
|
|
Batting: LHB Aaron Joyner
|
0-0: Called Strike 0-1: Foul Ball, location: 2F 0-2: Ball 1-2: Strikes out swinging
|
|
Batting: RHB Mike Gifford
|
0-0: Called Strike 0-1: Ball 1-1: Called Strike 1-2: Ball 2-2: Ground out 3-1 (Groundball, 34, EV 81.2 MPH)
|
| Bottom of the 3rd over - 0 runs, 1 hit, 0 errors, 1 left on base; Columbus 0 - Scranton WB 3 |
| TOP OF THE 4TH |
|
Columbus Clippers batting - Pitching for Scranton WB RailRiders : RHP Eric Aguilar
|
|
Batting: RHB Jesus Galvan
|
0-0: DOUBLE (Flyball, 8LXD, EV 105.6 MPH)
|
|
Batting: RHB Christian Blue
|
0-0: Called Strike 0-1: Ball 1-1: Called Strike 1-2: Ground out 4-3 (Groundball, 4, EV 89.4 MPH) Jesus Galvan to third
|
|
Batting: LHB Brent Albertson
|
0-0: Ball 1-0: Ball 2-0: Called Strike 2-1: DOUBLE (Line Drive, 7LM, EV 106.2 MPH) Jesus Galvan scores
|
|
Batting: RHB Ernie Weathersbee
|
0-0: Foul Ball, location: 2F 0-1: Swinging Strike Passed Ball! Brent Albertson to third 0-2: Foul Ball, location: 2F 0-2: Ball 1-2: Ball 2-2: Foul Ball, location: 2F 2-2: Foul Ball, location: 2F 2-2: Ground out 5-3 (Groundball, 56S, EV 67.5 MPH) Brent Albertson scores
|
|
Batting: LHB Corey Trevor
|
0-0: Fly out, F4 (Line Drive, 4, EV 63.8 MPH)
|
| Top of the 4th over - 2 runs, 2 hits, 0 errors, 0 left on base; Columbus 2 - Scranton WB 3 |
| BOTTOM OF THE 4TH |
|
Scranton WB RailRiders batting - Pitching for Columbus Clippers : RHP Paul Lewis
|
|
Batting: SHB Joe Fure
|
0-0: Ball 1-0: Ball 2-0: Ground out 5-3 (Groundball, 5, EV 76.9 MPH)
|
|
Batting: SHB Edwin Dominguez
|
0-0: Ball 1-0: Ball 2-0: Ground out 6-3 (Groundball, 6, EV 96.2 MPH)
|
|
Batting: RHB Bobby Melillo
|
0-0: Called Strike 0-1: Called Strike 0-2: Ball 1-2: SINGLE (Flyball, 4D, EV 86.2 MPH)
|
|
Batting: SHB Victor Ruiz
|
0-0: Called Strike 0-1: Called Strike 0-2: SINGLE (Flyball, 6MD, EV 91.9 MPH) Bobby Melillo to second
|
|
Batting: SHB Mukhtar Wa'il
|
0-0: Ball 1-0: Foul Ball, location: 2F 1-1: Swinging Strike 1-2: Strikes out swinging
|
| Bottom of the 4th over - 0 runs, 2 hits, 0 errors, 2 left on base; Columbus 2 - Scranton WB 3 |
| TOP OF THE 5TH |
|
Columbus Clippers batting - Pitching for Scranton WB RailRiders : RHP Eric Aguilar
|
|
Batting: RHB Chris Diaz
|
0-0: DOUBLE (Flyball, 8LD, EV 86.2 MPH)
|
|
Batting: RHB Chris Folse
|
0-0: Called Strike 0-1: Ball 1-1: Ball 2-1: Ball 3-1: SINGLE (Groundball, 6S, EV 73.8 MPH) (infield hit) Chris Diaz to third
|
|
Batting: RHB Tai Joo
|
0-0: Ball Chris Folse is caught stealing 2nd base 2-4 1-0: Called Strike 1-1: Called Strike 1-2: Ground out 6-3 (Groundball, 6, EV 88.1 MPH)
|
|
Batting: LHB John Harring
|
0-0: Fly out, F7 (Flyball, 78S, EV 92.5 MPH)
|
| Top of the 5th over - 0 runs, 2 hits, 0 errors, 1 left on base; Columbus 2 - Scranton WB 3 |
| BOTTOM OF THE 5TH |
|
Scranton WB RailRiders batting - Pitching for Columbus Clippers : RHP Paul Lewis
|
|
Batting: RHB Scott King
|
0-0: Called Strike 0-1: Ball 1-1: Fly out, F6 (Popup, 6S, EV 68.8 MPH)
|
|
Batting: LHB Dan Morris
|
0-0: Ball 1-0: Called Strike 1-1: Fly out, F5 (Line Drive, 5L, EV 71.2 MPH)
|
|
Batting: LHB Aaron Joyner
|
0-0: Ball 1-0: Swinging Strike 1-1: Foul Ball, location: 2F 1-2: Strikes out swinging
|
| Bottom of the 5th over - 0 runs, 0 hits, 0 errors, 0 left on base; Columbus 2 - Scranton WB 3 |
| TOP OF THE 6TH |
|
Columbus Clippers batting - Pitching for Scranton WB RailRiders : RHP Eric Aguilar
|
|
Batting: RHB Jesus Galvan
|
0-0: Foul Ball, location: 2F 0-1: Called Strike 0-2: Foul Ball, location: 2F 0-2: Ball 1-2: Foul Ball, location: 2F 1-2: Foul Ball, location: 2F 1-2: Foul Ball, location: 2F 1-2: Ball 2-2: Foul Ball, location: 2F 2-2: Strikes out looking
|
|
Batting: RHB Christian Blue
|
0-0: Ball 1-0: Ball 2-0: Ball 3-0: Base on Balls
|
|
Batting: LHB Brent Albertson
|
0-0: Ball 1-0: Swinging Strike 1-1: Foul Ball, location: 2F 1-2: Strikes out swinging
|
|
Batting: RHB Ernie Weathersbee
|
0-0: Called Strike 0-1: Ball 1-1: DOUBLE (Flyball, 89D, EV 102.5 MPH) Christian Blue to third Runner from 3rd tries for Home, SAFE, throw by RF to trailing runner, SAFE at third!
|
|
Batting: LHB Corey Trevor
|
0-0: Ball 1-0: Called Strike 1-1: Ball 2-1: Ball 3-1: Base on Balls
|
|
Batting: RHB Chris Diaz
|
0-0: Ball 1-0: Ball 2-0: Ball 3-0: Called Strike 3-1: Foul Ball, location: 2F 3-2: Base on Balls Corey Trevor to second
|
|
Batting: RHB Chris Folse
|
0-0: Called Strike 0-1: Ball 1-1: Swinging Strike 1-2: Strikes out swinging
|
| Top of the 6th over - 1 run, 1 hit, 0 errors, 3 left on base; Columbus 3 - Scranton WB 3 |
| BOTTOM OF THE 6TH |
|
Scranton WB RailRiders batting - Pitching for Columbus Clippers : RHP Paul Lewis
|
|
Batting: RHB Mike Gifford
|
0-0: Ball 1-0: Foul Ball, location: 2F 1-1: Ball 2-1: Called Strike 2-2: Foul Ball, location: 2F 2-2: Strikes out looking
|
|
Batting: SHB Joe Fure
|
0-0: Ball 1-0: Ball 2-0: Swinging Strike 2-1: Ball 3-1: Swinging Strike 3-2: Foul Ball, location: 2F 3-2: Base on Balls
|
|
Pitching: RHP Arturo Rojas
|
|
|
Batting: SHB Edwin Dominguez
|
0-0: Called Strike Joe Fure steals 2nd base 0-1: Called Strike 0-2: Foul Ball, location: 2F 0-2: Ground out 4-3 (Groundball, 4, EV 88.1 MPH) Joe Fure to third
|
|
Batting: RHB Bobby Melillo
|
0-0: Ball 1-0: Called Strike 1-1: Ball 2-1: Ball 3-1: Base on Balls
|
|
Batting: SHB Victor Ruiz
|
0-0: Swinging Strike 0-1: SINGLE (Line Drive, 34, EV 100.6 MPH) Joe Fure scores Bobby Melillo to second
|
|
Batting: SHB Mukhtar Wa'il
|
0-0: Foul Ball, location: 2F 0-1: Foul Ball, location: 2F 0-2: Ball 1-2: Ball 2-2: Strikes out swinging
|
| Bottom of the 6th over - 1 run, 1 hit, 0 errors, 2 left on base; Columbus 3 - Scranton WB 4 |
| TOP OF THE 7TH |
|
Columbus Clippers batting - Pitching for Scranton WB RailRiders : RHP Eric Aguilar
|
|
Batting: RHB Tai Joo
|
0-0: Ground out 1-3 (Groundball, P, EV 63.8 MPH)
|
|
Batting: LHB John Harring
|
0-0: Called Strike 0-1: Ground out 5-3 (Groundball, 5S, EV 63.8 MPH)
|
|
Batting: RHB Jesus Galvan
|
0-0: Swinging Strike 0-1: Swinging Strike 0-2: Strikes out looking
|
| Top of the 7th over - 0 runs, 0 hits, 0 errors, 0 left on base; Columbus 3 - Scranton WB 4 |
| BOTTOM OF THE 7TH |
|
Scranton WB RailRiders batting - Pitching for Columbus Clippers : RHP Arturo Rojas
|
|
Pitching: RHP Jon Samer
|
|
|
Batting: RHB Scott King
|
0-0: Called Strike 0-1: Ball 1-1: Ball 2-1: Ball 3-1: Called Strike 3-2: Base on Balls
|
|
Batting: LHB Dan Morris
|
0-0: Ball 1-0: Ball 2-0: Called Strike 2-1: Called Strike 2-2: Foul Ball, location: 2F 2-2: Strikes out looking
|
|
Batting: LHB Aaron Joyner
|
0-0: Ground out 6-3 (Groundball, 4MS, EV 84.4 MPH) Scott King to second
|
|
Batting: RHB Mike Gifford
|
0-0: Called Strike 0-1: Ball 1-1: Foul Ball, location: 2F 1-2: Strikes out swinging
|
| Bottom of the 7th over - 0 runs, 0 hits, 0 errors, 1 left on base; Columbus 3 - Scranton WB 4 |
| TOP OF THE 8TH |
|
Columbus Clippers batting - Pitching for Scranton WB RailRiders : RHP Eric Aguilar
|
|
Pitching: RHP John Robidoux
|
|
|
Batting: RHB Christian Blue
|
0-0: Called Strike 0-1: Ball 1-1: Ball 2-1: Called Strike 2-2: Ball 3-2: Fly out, F4 (Line Drive, 4, EV 73.8 MPH)
|
|
Batting: LHB Brent Albertson
|
0-0: Called Strike 0-1: Ball 1-1: Called Strike 1-2: Ball 2-2: Ground out 4-3 (Groundball, 4S, EV 68.8 MPH)
|
|
Batting: RHB Ernie Weathersbee
|
0-0: Ball 1-0: Called Strike 1-1: Foul Ball, location: 2F 1-2: Ball 2-2: Strikes out swinging
|
| Top of the 8th over - 0 runs, 0 hits, 0 errors, 0 left on base; Columbus 3 - Scranton WB 4 |
| BOTTOM OF THE 8TH |
|
Scranton WB RailRiders batting - Pitching for Columbus Clippers : RHP Jon Samer
|
|
Batting: SHB Joe Fure
|
0-0: Ball 1-0: Ground out U3 (Groundball, 3, EV 85.0 MPH)
|
|
Batting: SHB Edwin Dominguez
|
0-0: Ball 1-0: Fly out, F7 (Line Drive, 78M, EV 91.9 MPH)
|
|
Batting: RHB Bobby Melillo
|
0-0: SINGLE (Line Drive, 34, EV 103.1 MPH)
|
|
Batting: SHB Victor Ruiz
|
0-0: SINGLE (Groundball, 34D, EV 100.6 MPH) Bobby Melillo to second Runner from 2nd tries for 3rd, SAFE, throw by RF made at trailing runner, OUT! 9-6
|
| Bottom of the 8th over - 0 runs, 2 hits, 0 errors, 1 left on base; Columbus 3 - Scranton WB 4 |
| TOP OF THE 9TH |
|
Columbus Clippers batting - Pitching for Scranton WB RailRiders : RHP John Robidoux
|
|
Pitching: LHP Robert Cruz
|
|
|
Now at 1B: Cristiano SerrĂ£o
|
|
|
Batting: LHB Corey Trevor
|
0-0: Ball 1-0: Ground out 5-3 (Groundball, 5, EV 103.1 MPH)
|
|
Batting: RHB Chris Diaz
|
0-0: Fly out, F8 (Flyball, 8RD, EV 99.4 MPH)
|
|
Batting: RHB Chris Folse
|
0-0: Swinging Strike 0-1: Swinging Strike 0-2: Ball 1-2: Strikes out swinging
|
| Top of the 9th over - 0 runs, 0 hits, 0 errors, 0 left on base; Columbus 3 - Scranton WB 4 |
|